 Dungeon Crawl Stone Soup version 0.31-a0-1-g4198be8af4 (webtiles) character file.

Game seed: 3431767568387909255

2129 ytrimaz the Shield-Bearer (level 9, -4/74 HPs)
             Began as a Gnoll Fighter on May 2, 2023.
             Was a Believer of Cheibriados.
             Slain by a two-headed ogre
             ... wielding a +0 giant spiked club
              (12 damage)
             ... on level 6 of the Dungeon.
             The game lasted 00:06:04 (5415 turns).

ytrimaz the Shield-Bearer (Gnoll Fighter)           Turns: 5415, Time: 00:06:04

Health: -4/74      AC:  9    Str: 20    XL:     9   Next: 30%
Magic:  15/15      EV: 12    Int: 17    God:    Cheibriados [**....]
Gold:   321        SH:  7    Dex: 23    Spells: 10/16 levels left

rFire   . . .        m - +1 broad axe (flame)
rCold   . . .        c - +0 buckler
rNeg    + . .        b - +0 scale mail
rPois   .            (no helmet)
rElec   .            y - +0 cloak
rCorr   .            (no gloves)
SInv    .            (no boots)
Will    .....        (no amulet)
Stlth   ++           r - ring of positive energy
HPRegen 0.32/turn    D - +6 ring of dexterity
MPRegen 0.14/turn

%: no passive effects
@: mighty, very slow
A: fangs 1, strong nose, distributed training
a: Renounce Religion, Bend Time


You were on level 6 of the Dungeon.
You worshipped Cheibriados.
Cheibriados was pleased with you.
You visited 1 branch of the dungeon, and saw 6 of its levels.

You collected 321 gold pieces.


Innate Abilities, Weirdness & Mutations

You have very sharp teeth.
Your uncanny sense of smell can sniff out nearby items.
Your experience applies equally to all skills.


   Skills:
 + Level 7.9 Fighting
 + Level 4.2 Short Blades
 + Level 4.2 Long Blades
 + Level 6.3 Axes
 + Level 4.2 Maces & Flails
 + Level 4.2 Polearms
 + Level 4.2 Staves
 + Level 4.2 Ranged Weapons
 + Level 4.2 Throwing
 + Level 7.9 Armour
 + Level 4.2 Dodging
 + Level 4.2 Stealth
 + Level 7.9 Shields
 + Level 4.2 Unarmed Combat
 + Level 4.2 Spellcasting
 + Level 3.5 Conjurations
 + Level 3.5 Hexes
 + Level 3.5 Summonings
 + Level 3.5 Necromancy
 + Level 3.5 Translocations
 + Level 3.5 Transmutations
 + Level 3.5 Fire Magic
 + Level 3.5 Ice Magic
 + Level 3.5 Air Magic
 + Level 3.5 Earth Magic
 + Level 3.5 Poison Magic
 + Level 4.7 Invocations
 + Level 4.2 Evocations


You had 10 spell levels left.
You knew the following spells:

 Your Spells              Type           Power      Damage    Failure   Level
a - Wereblood             Tmut           15%        N/A       16%         2
b - Olgreb's Toxic Radia  Pois           15%        N/A       71%         4

Your spell library contained the following spells:

 Spells                   Type           Power      Damage    Failure   Level
 Sting                    Tmut/Pois      60%        1d6       11%         1
 Ensorcelled Hibernation  Hex/Ice        30%        N/A       16%         2
 Passwall                 Tmut/Erth      12%        N/A       16%         2
 Poisonous Vapours        Pois/Air       30%        N/A       16%         2
 Sublimation of Blood     Necr           15%        N/A       16%         2
 Spider Form              Tmut/Pois      15%        N/A       32%         3
 Swiftness                Air            15%        N/A       32%         3
 Anguish                  Hex/Necr       7%         N/A       71%         4
 Animate Dead             Necr           15%        N/A       71%         4
 Borgnjor's Vile Clutch   Necr/Erth      7%         N/A       96%         5
 Death Channel            Necr           7%         N/A       100%        6
 Summon Hydra             Summ           7%         N/A       100%        7

Inventory:

Hand Weapons
 a - a +0 war axe
 m - a +1 broad axe of flaming (weapon)
   (You acquired it on level 1 of the Dungeon)
Missiles
 k - 6 boomerangs (quivered)
 H - 2 throwing nets
Armour
 b - a +0 scale mail (worn)
 c - a +0 buckler (worn)
 y - a +0 cloak (worn)
   (You found it on level 4 of the Dungeon)
Jewellery
 r - a ring of positive energy (left hand)
   (You found it on level 2 of the Dungeon)
 A - a ring of fire
   (You found it on level 3 of the Dungeon)
 D - a +6 ring of dexterity (right hand)
   (You found it on level 5 of the Dungeon)
Wands
 e - a wand of light (8)
   (You took it off Jessica on level 3 of the Dungeon)
Scrolls
 g - 2 scrolls of magic mapping
 h - 4 scrolls of teleportation {unknown}
 i - 3 scrolls of fear {unknown}
 n - a scroll of noise {unknown}
 o - 3 scrolls of amnesia {unknown}
 s - 2 scrolls of blinking {unknown}
 u - 2 scrolls of identify
 w - a scroll of poison {unknown}
 z - a scroll of enchant weapon {unknown}
 E - a scroll of immolation {unknown}
 F - a scroll of vulnerability {unknown}
Potions
 f - a potion of lignification
 j - 3 potions of ambrosia
 l - a potion of invisibility {unknown}
 p - a potion of brilliance {unknown}
 q - a potion of curing {unknown}
 t - a potion of berserk rage {unknown}
 v - 2 potions of attraction {unknown}
 x - a potion of magic {unknown}
 B - a potion of heal wounds {unknown}
 C - a potion of degeneration {unknown}
 G - a potion of resistance {unknown}

Dungeon Overview and Level Annotations

Branches:
Dungeon (6/15) Zot: 39736  Temple (0/1) D:5

Altars:
Cheibriados
Gozag
Nemelex Xobeh
Okawaru
Wu Jian

Shops:
D:1 [ D:2

( #+ #. #...# ..
#. #... .. .
##.###.#... ..
##...##..#. .#O
#.....#..? ...#
###>....#.f ..Y#
.....#@#.#...#..
#.#.#O#........
#...O....#...#
##.###5.#...#.
#.# #.#?..#[. ∆
#.# #..#...# #.#
#^..#...# #.#
.........
#.#:....##.# ..


You could see a two-headed ogre, an ogre and a shadow imp.


Message History

You take 6 damage, and now have 57/74 hp.
You hit the steam dragon but do no damage.
You block the steam dragon's attack.
The steam dragon claws you but does no damage.
Unknown command.
You hit the steam dragon. You burn the steam dragon.
The steam dragon breathes steam at you. The ball of steam misses you.
The steam dragon barely misses you. The steam dragon misses you.
You hear a howl!
You hear a shout! 😕 HP[+1]
You hit the steam dragon. You burn the steam dragon.
You are engulfed in a cloud of scalding steam.
The steam dragon bites you. The steam dragon misses you. 😕 HP[-1]
You take 1 damage, and now have 57/74 hp.
You slash the steam dragon! You burn the steam dragon.
You are engulfed in a cloud of scalding steam.
The steam dragon bites you but does no damage.
The steam dragon barely misses you. 😕 HP[+1]
You hit the steam dragon. You burn the steam dragon.
You bite the steam dragon, but do no damage.
You block the steam dragon's attack. The steam dragon closely misses you.
A howler monkey comes into view.
The steam dragon completely misses you. You block the steam dragon's attack.
You slash the steam dragon! You burn the steam dragon.
You kill the steam dragon!
Cheibriados appreciates the change of pace.
The howler monkey hoots and howls with incredible vigour!
A shadow imp comes into view.
The shadow imp shouts!
You hear a shout! x4 😕 HP[+1]
You slash the sleepcap! You burn the sleepcap.
The sleepcap releases spores at you. 😕 HP[-2]
You take 2 damage, and now have 57/74 hp.
You slash the sleepcap! You burn the sleepcap. You bite the sleepcap.
The sleepcap releases spores at you.
The sleepcap barely misses you. 😮 HP[-3]
You take 3 damage, and now have 54/74 hp.
You hit the sleepcap but do no damage.
The sleepcap releases spores at you but does no damage. 😮 HP[+1]
You hit the sleepcap but do no damage.
The sleepcap releases spores at you but does no damage.
Unknown command.
You hit the sleepcap but do no damage.
You bite the sleepcap, but do no damage.
An ogre comes into view. It is wielding a +0 giant club.
The sleepcap releases spores at you but does no damage.
The sleepcap releases spores at you. 😮 HP[-5]
You take 5 damage, and now have 50/74 hp.
Unknown command.
You slash the sleepcap! You burn the sleepcap.
You destroy the sleepcap!
Cheibriados appreciates the change of pace.
The howler monkey hits you. 😮 HP[-2]
You take 2 damage, and now have 48/74 hp.
Unknown command.
You feel very mighty all of a sudden. The howler monkey barely misses you.
Unknown command.
You slash the howler monkey! You burn the howler monkey.
The howler monkey barely misses you.
You block the howler monkey's attack. 😮 HP[+1] Unknown command.
You slice the howler monkey!! You burn the howler monkey.
You kill the howler monkey!
Cheibriados thoroughly appreciates the change of pace.
The yak gores you. 😮 HP[-5]
You take 5 damage, and now have 44/74 hp.
Unknown command.
You barely miss the yak.
The yak gores you but does no damage. 😮 HP[+1] Unknown command.
You slash the yak! You burn the yak. Your bite misses the yak.
A hound comes into view.
The yak gores you.
The hound moves out of view. 😮 HP[-5]
You take 5 damage, and now have 40/74 hp.
You slash the yak! You burn the yak. You bite the yak. The yak gores you!
* * * LOW HITPOINT WARNING * * *
The yak gores you but does no damage. 😨 HP[-6]
You take 6 damage, and now have 34/74 hp.
You slash the yak! You burn the yak.
You kill the yak!
Cheibriados appreciates the change of pace.
A shadow imp comes into view.
Unknown command.
The shadow imp shouts, "Crawl home, thou unctious dread-bolted flax-wench!"
You slash the two-headed ogre! You burn the two-headed ogre.
The two-headed ogre hits you with a +0 giant spiked club!!
* * * LOW HITPOINT WARNING * * *
The two-headed ogre hits you with a +0 giant club!
You die...

Skill      XL: |  1  2  3  4  5  6  7  8 |
---------------+-------------------------+-----
Short Blades   | 1 2 3 4 |  4.2
Long Blades    | 1 2 3 4 |  4.2
Maces & Flails | 1 2 3 4 |  4.2
Polearms       | 1 2 3 4 |  4.2
Staves         | 1 2 3 4 |  4.2
Ranged Weapons | 1 2 3 4 |  4.2
Throwing       | 1 2 3 4 |  4.2
Dodging        | 1 2 3 4 |  4.2
Stealth        | 1 2 3 4 |  4.2
Unarmed Combat | 1 2 3 4 |  4.2
Spellcasting   | 1 2 3 4 |  4.2
Invocations    | 1 2 3 4 |  4.7
Evocations     | 1 2 3 4 |  4.2
Conjurations   | 1 2 3 |  3.5
Hexes          | 1 2 3 |  3.5
Summonings     | 1 2 3 |  3.5
Necromancy     | 1 2 3 |  3.5
Translocations | 1 2 3 |  3.5
Transmutations | 1 2 3 |  3.5
Fire Magic     | 1 2 3 |  3.5
Ice Magic      | 1 2 3 |  3.5
Air Magic      | 1 2 3 |  3.5
Earth Magic    | 1 2 3 |  3.5
Poison Magic   | 1 2 3 |  3.5
Axes           | 5 6 |  6.3
Fighting       | 7 |  7.9
Armour         | 7 |  7.9
Shields        | 7 |  7.9

Action                     |  1- 3 |  4- 6 |  7- 9 || total
---------------------------+-------+-------+-------++-------
  Melee: War axe           |    12 |       |       ||    12
         Bite              |     3 |    10 |    17 ||    30
         Broad axe         |    17 |   112 |   169 ||   298
  Throw: Boomerang         |     7 |    23 |    22 ||    52
    Use: Scroll            |     1 |     3 |     2 ||     6
         Potion            |       |       |     2 ||     2
 Armour: Scale mail        |     9 |    56 |    68 ||   133
         Skin              |       |       |     2 ||     2
  Dodge: Dodged            |    17 |    63 |   124 ||   204
  Block: Buckler           |     7 |    35 |    58 ||   100

Levels and vault maps discovered:
D:1:      dpeg_arrival_arbitrary_b, layout_basic, serial_shops,
          nicolae_shop_back_alley_shop
D:2:      layout_basic, serial_shops, nicolae_shop_back_alley_shop, fountainhead
D:3:      layout_basic, nicolae_gozag_seed_capital, slow_altar_2,
          mainiacjoe_overflow_six_doors_small, uniq_natasha, uniq_terence,
          uniq_jessica
D:4:      layout_cave_pools
D:5:      layout_basic, lemuel_doored_altar,
          minmay_temple_entry_statues_fountains, st_stairs_1
D:6:      cheibrodos_fzero, layout_loops_corners, nzn_hepliaklqana_mist_gate,
          nemelex_dance_club_becter, serial_shops, shop, uniq_maggie

Notes
Turn   | Place    | Note
-------+----------+-------------------------------------------
     0 | D:1      | ytrimaz the Gnoll Fighter began the quest for the Orb.
     0 | D:1      | Reached XP level 1. HP: 23/23 MP: 1/1
     0 | D:1      | magus.rc [v1.9.6]
   211 | D:1      | Reached XP level 2. HP: 29/29 MP: 2/2
   426 | D:1      | Found Xeowoleh's Antique Armour Boutique.
   557 | D:1      | Identified a scroll of acquirement
   557 | D:1      | Acquired a +1 broad axe of flaming
   588 | D:2      | You pick up a book of Blood and begin reading...
   588 | D:2      | You add the spells Sublimation of Blood, Wereblood and
                  | Summon Hydra to your library.
   604 | D:2      | Reached XP level 3. HP: 35/35 MP: 2/4
   753 | D:2      | Reached skill level 1 in Short Blades
   753 | D:2      | Reached skill level 1 in Long Blades
   753 | D:2      | Reached skill level 1 in Maces & Flails
   753 | D:2      | Reached skill level 1 in Polearms
   753 | D:2      | Reached skill level 1 in Staves
   753 | D:2      | Reached skill level 1 in Ranged Weapons
   753 | D:2      | Reached skill level 1 in Throwing
   753 | D:2      | Reached skill level 1 in Dodging
   753 | D:2      | Reached skill level 1 in Stealth
   753 | D:2      | Reached skill level 1 in Unarmed Combat
   753 | D:2      | Reached skill level 1 in Spellcasting
   753 | D:2      | Reached skill level 1 in Invocations
   753 | D:2      | Reached skill level 1 in Evocations
   757 | D:2      | Reached XP level 4. HP: 33/41 MP: 5/5
   992 | D:2      | You pick up a book of Dreams and begin reading...
   992 | D:2      | You add the spells Ensorcelled Hibernation, Spider Form and
                  | Anguish to your library.
  1096 | D:2      | You pick up a book of Burglary and begin reading...
  1096 | D:2      | You add the spells Passwall and Swiftness to your library.
  1136 | D:2      | Found Sopeulag's Antique Weapon Shop.
  1218 | D:3      | Noticed Terence
  1221 | D:3      | Killed Terence
  1222 | D:3      | Reached skill level 1 in Conjurations
  1222 | D:3      | Reached skill level 1 in Hexes
  1222 | D:3      | Reached skill level 1 in Summonings
  1222 | D:3      | Reached skill level 1 in Necromancy
  1222 | D:3      | Reached skill level 1 in Translocations
  1222 | D:3      | Reached skill level 1 in Transmutations
  1222 | D:3      | Reached skill level 1 in Fire Magic
  1222 | D:3      | Reached skill level 1 in Ice Magic
  1222 | D:3      | Reached skill level 1 in Air Magic
  1222 | D:3      | Reached skill level 1 in Earth Magic
  1222 | D:3      | Reached skill level 1 in Poison Magic
  1236 | D:3      | Found an ornate altar of the Wu Jian Council.
  1279 | D:3      | Noticed Jessica
  1282 | D:3      | Killed Jessica
  1283 | D:3      | Reached XP level 5. HP: 24/47 MP: 5/7
  1399 | D:3      | Found an opulent altar of Gozag.
  1809 | D:3      | Found a snail-covered altar of Cheibriados.
  1823 | D:3      | Reached skill level 2 in Invocations
  1883 | D:3      | Became a worshipper of Cheibriados the Contemplative
  1993 | D:3      | Noticed Natasha
  2002 | D:3      | Killed Natasha
  2003 | D:3      | Reached XP level 6. HP: 37/53 MP: 8/8
  2190 | D:3      | Noticed Natasha
  2197 | D:3      | Killed Natasha
  2198 | D:3      | Reached skill level 5 in Axes
  2271 | D:3      | Noticed Natasha
  2278 | D:3      | Killed Natasha
  2279 | D:3      | Reached skill level 2 in Short Blades
  2279 | D:3      | Reached skill level 2 in Long Blades
  2279 | D:3      | Reached skill level 2 in Maces & Flails
  2279 | D:3      | Reached skill level 2 in Polearms
  2279 | D:3      | Reached skill level 2 in Staves
  2279 | D:3      | Reached skill level 2 in Ranged Weapons
  2279 | D:3      | Reached skill level 2 in Throwing
  2279 | D:3      | Reached skill level 2 in Dodging
  2279 | D:3      | Reached skill level 2 in Stealth
  2279 | D:3      | Reached skill level 2 in Unarmed Combat
  2279 | D:3      | Reached skill level 2 in Spellcasting
  2279 | D:3      | Reached skill level 2 in Evocations
  2590 | D:1      | Acquired a Young Poisoner's Handbook
  2593 | D:1      | You add the spells Sting, Poisonous Vapours and Olgreb's
                  | Toxic Radiance to your library.
  2597 | D:1      | Learned a level 2 spell: Wereblood
  2602 | D:1      | Learned a level 4 spell: Olgreb's Toxic Radiance
  2861 | D:4      | You pick up a book of Unlife and begin reading...
  2861 | D:4      | You add the spells Animate Dead, Borgnjor's Vile Clutch and
                  | Death Channel to your library.
  2951 | D:4      | Reached XP level 7. HP: 35/59 MP: 10/10
  2960 | D:4      | Reached skill level 7 in Fighting
  2960 | D:4      | Reached skill level 7 in Armour
  2960 | D:4      | Reached skill level 7 in Shields
  3117 | D:4      | Reached * piety under Cheibriados
  3287 | D:5      | Entered Level 5 of the Dungeon
  3333 | D:5      | HP: 22/90 [scorpion (3)]
  3336 | D:5      | Reached skill level 2 in Conjurations
  3336 | D:5      | Reached skill level 2 in Hexes
  3336 | D:5      | Reached skill level 2 in Summonings
  3336 | D:5      | Reached skill level 2 in Necromancy
  3336 | D:5      | Reached skill level 2 in Translocations
  3336 | D:5      | Reached skill level 2 in Transmutations
  3336 | D:5      | Reached skill level 2 in Fire Magic
  3336 | D:5      | Reached skill level 2 in Ice Magic
  3336 | D:5      | Reached skill level 2 in Air Magic
  3336 | D:5      | Reached skill level 2 in Earth Magic
  3336 | D:5      | Reached skill level 2 in Poison Magic
  3338 | D:5      | HP: 17/90 [poisoned by a scorpion]
  3344 | D:5      | HP: 15/90 [poisoned by a scorpion]
  3587 | D:5      | Reached skill level 3 in Invocations
  3920 | D:5      | Found a staircase to the Ecumenical Temple.
  4162 | D:5      | Reached skill level 3 in Short Blades
  4162 | D:5      | Reached skill level 3 in Long Blades
  4162 | D:5      | Reached skill level 3 in Maces & Flails
  4162 | D:5      | Reached skill level 3 in Polearms
  4162 | D:5      | Reached skill level 3 in Staves
  4162 | D:5      | Reached skill level 3 in Ranged Weapons
  4162 | D:5      | Reached skill level 3 in Throwing
  4162 | D:5      | Reached skill level 3 in Dodging
  4162 | D:5      | Reached skill level 3 in Stealth
  4162 | D:5      | Reached skill level 3 in Unarmed Combat
  4162 | D:5      | Reached skill level 3 in Spellcasting
  4162 | D:5      | Reached skill level 3 in Evocations
  4162 | D:5      | Reached XP level 8. HP: 50/67 MP: 12/12
  4314 | D:5      | Found an iron altar of Okawaru.
  4893 | D:6      | Reached ** piety under Cheibriados
  4996 | D:6      | Found a sparkling altar of Nemelex Xobeh.
  5184 | D:6      | Reached skill level 3 in Conjurations
  5184 | D:6      | Reached skill level 3 in Hexes
  5184 | D:6      | Reached skill level 3 in Summonings
  5184 | D:6      | Reached skill level 3 in Necromancy
  5184 | D:6      | Reached skill level 3 in Translocations
  5184 | D:6      | Reached skill level 3 in Transmutations
  5184 | D:6      | Reached skill level 3 in Fire Magic
  5184 | D:6      | Reached skill level 3 in Ice Magic
  5184 | D:6      | Reached skill level 3 in Air Magic
  5184 | D:6      | Reached skill level 3 in Earth Magic
  5184 | D:6      | Reached skill level 3 in Poison Magic
  5184 | D:6      | Reached skill level 4 in Invocations
  5249 | D:6      | Reached skill level 6 in Axes
  5373 | D:6      | Noticed a wraith
  5386 | D:6      | Killed a wraith
  5387 | D:6      | Reached skill level 4 in Short Blades
  5387 | D:6      | Reached skill level 4 in Long Blades
  5387 | D:6      | Reached skill level 4 in Maces & Flails
  5387 | D:6      | Reached skill level 4 in Polearms
  5387 | D:6      | Reached skill level 4 in Staves
  5387 | D:6      | Reached skill level 4 in Ranged Weapons
  5387 | D:6      | Reached skill level 4 in Throwing
  5387 | D:6      | Reached skill level 4 in Dodging
  5387 | D:6      | Reached skill level 4 in Stealth
  5387 | D:6      | Reached skill level 4 in Unarmed Combat
  5387 | D:6      | Reached skill level 4 in Spellcasting
  5387 | D:6      | Reached skill level 4 in Evocations
  5387 | D:6      | Reached XP level 9. HP: 62/74 MP: 13/15
  5390 | D:6      | Noticed a two-headed ogre
  5415 | D:6      | HP: 8/74 [two-headed ogre/+0 giant spiked club (26)]
  5415 | D:6      | Slain by a two-headed ogre

Vanquished Creatures
  A yak (D:6)
  A wraith (D:6)
  A steam dragon (D:6)
  2 water moccasins (D:5)
  2 black bears (D:5)
  An ogre (D:6)
  A gnoll sergeant (D:6)
  3 scorpions
  A howler monkey (D:6)
  3 hounds
  3 orc priests
  2 jellies (D:6)
  An iron imp (D:3)
  Terence (D:3)
  2 sleepcaps
  Jessica (D:3)
  Natasha (thrice) (D:3)
  3 iguanas (D:5)
  4 orc wizards
  18 gnolls
  6 adders
  A shadow imp (D:5)
  A white imp (D:5)
  An ufetubus (D:3)
  4 dart slugs
  15 orcs
  3 bats (D:3)
  6 endoplasms
  4 giant cockroaches
  2 goblins (D:2)
  6 hobgoblins
  3 jackals (D:2)
  9 ball pythons
  A frilled lizard (D:2)
  5 kobolds
  6 rats
127 creatures vanquished.

Table legend:
 A = Non-vault XP
 B = Vault XP
 C = Vault XP percentage of total XP
 D = Non-vault monster count
 E = Vault monster count
 F = Vault count percentage of total count
                 A         B        C        D         E       F
            +---------+---------+-------+---------+---------+-------
      Total |    1693 |    1349 |  44.3 |     112 |      15 |  11.8
            +---------+---------+-------+---------+---------+-------
        D:1 |      15 |       0 |   0.0 |      10 |       0 |   0.0
        D:2 |      95 |       0 |   0.0 |      19 |       0 |   0.0
        D:3 |     149 |     149 |  50.0 |      21 |       4 |  16.0
        D:4 |     232 |       0 |   0.0 |      20 |       0 |   0.0
        D:5 |     589 |     367 |  38.4 |      20 |       4 |  16.7
        D:6 |     613 |     833 |  57.6 |      22 |       7 |  24.1
            +---------+---------+-------+---------+---------+-------

Skill      XL: |  1  2  3  4  5  6  7  8 |
---------------+-------------------------+-----
Short Blades   | 1 2 3 4 |  4.2
Long Blades    | 1 2 3 4 |  4.2
Maces & Flails | 1 2 3 4 |  4.2
Polearms       | 1 2 3 4 |  4.2
Staves         | 1 2 3 4 |  4.2
Ranged Weapons | 1 2 3 4 |  4.2
Throwing       | 1 2 3 4 |  4.2
Dodging        | 1 2 3 4 |  4.2
Stealth        | 1 2 3 4 |  4.2
Unarmed Combat | 1 2 3 4 |  4.2
Spellcasting   | 1 2 3 4 |  4.2
Invocations    | 1 2 3 4 |  4.7
Evocations     | 1 2 3 4 |  4.2
Conjurations   | 1 2 3 |  3.5
Hexes          | 1 2 3 |  3.5
Summonings     | 1 2 3 |  3.5
Necromancy     | 1 2 3 |  3.5
Translocations | 1 2 3 |  3.5
Transmutations | 1 2 3 |  3.5
Fire Magic     | 1 2 3 |  3.5
Ice Magic      | 1 2 3 |  3.5
Air Magic      | 1 2 3 |  3.5
Earth Magic    | 1 2 3 |  3.5
Poison Magic   | 1 2 3 |  3.5
Axes           | 5 6 |  6.3
Fighting       | 7 |  7.9
Armour         | 7 |  7.9
Shields        | 7 |  7.9

Action                     |  1- 3 |  4- 6 |  7- 9 || total
---------------------------+-------+-------+-------++-------
  Melee: War axe           |    12 |       |       ||    12
         Bite              |     3 |    10 |    17 ||    30
         Broad axe         |    17 |   112 |   169 ||   298
  Throw: Boomerang         |     7 |    23 |    22 ||    52
    Use: Scroll            |     1 |     3 |     2 ||     6
         Potion            |       |       |     2 ||     2
 Armour: Scale mail        |     9 |    56 |    68 ||   133
         Skin              |       |       |     2 ||     2
  Dodge: Dodged            |    17 |    63 |   124 ||   204
  Block: Buckler           |     7 |    35 |    58 ||   100

Illustrated notes

Table legend:
 A = Kills in this place as a percentage of kills in the entire game.
 B = Kills by you in this place as a percentage of kills by you in the entire game.
 C = Kills by friends in this place as a percentage of kills by friends in the entire game.
 D = Other kills in this place as a percentage of other kills in the entire game.
 E = Experience gained in this place as a percentage of experience gained in the entire game.
 F = Experience gained in this place divided by the number of levels of this place that you have seen.
                   A       B       C       D       E      F
               +-------+-------+-------+-------+-------+----------------------
         Total | 100.0 | 100.0 |   N/A |   N/A | 100.0 | 507.0
       Dungeon | 100.0 | 100.0 |   N/A |   N/A | 100.0 | 507.0
               +-------+-------+-------+-------+-------+----------------------

Table legend: (Time is in decaauts)
 A = Elapsed time spent in this place.
 B = Non-inter-level travel time spent in this place.
 C = Inter-level travel time spent in this place.
 D = Time resting spent in this place.
 E = Time spent auto-exploring this place.
 F = Levels seen in this place.
 G = Mean time per level.
                   A        B        C        D        E       F      G
               +--------+--------+--------+--------+--------+-----+--------+
         Total |   6398 |   6005 |    393 |     56 |   4888 |   6 | 1066.3 |
       Dungeon |   6398 |   6005 |    393 |     56 |   4888 |   6 | 1066.3 |
               +--------+--------+--------+--------+--------+-----+--------+

Top non-repeatable levels by time:
     D:5: 1945 daAuts
     D:3: 1426 daAuts
     D:4: 779 daAuts
     D:2: 774 daAuts
     D:6: 764 daAuts
     D:1: 708 daAuts
